[Event "Team 45 45 League T54"]
[Site "Internet Chess Club"]
[Date "2012.09.16"]
[Round "5"]
[White "SymbolicJester"]
[Black "pishd"]
[Result "1-0"]
[WhiteElo "1824"]
[BlackElo "1697"]
[Opening "Caro-Kann: Tartakower (Nimzovich) variation"]
[ECO "B15"]
[Time "13:00:59"]
[TimeControl "2700+45"]

1. e4 c6 2. d4 d5 3. Nc3 dxe4 4. Nxe4 Nf6 5. Nxf6+ exf6 6. Nf3 Bd6 7. Bd3 O-O 8.
O-O Bg4 9. h3 Bh5 10. c3 Nd7 11. Be2 Re8 12. Be3 f5 13. Re1 f4 14. Bd2 g5 15.
Qb3 Qb6 16. Qc2 Nf8 17. b3 Rad8 18. Bc4 h6 19. Rxe8 Rxe8 20. Re1 Rxe1+ 21. Nxe1
Bg6 22. Bd3 Qd8 23. Nf3 Qf6 24. c4 Bxd3 25. Qxd3 Qg6 26. Qe2 Qb1+ 27. Be1 Bb4
28. Kh2 Bxe1 29. Nxe1 Qa1 30. Nf3 Ne6 31. d5 cxd5 32. cxd5 Nf8 33. d6 Qf6 34.
Qe7 Qe6 35. Ne5 f6 36. Ng4 {Black resigns} 1-0

[Event "Team 45 45 League T54"]
[Site "Internet Chess Club"]
[Date "2012.09.18"]
[Round "5"]
[White "bgolev"]
[Black "ChessicalZ"]
[Result "1-0"]
[WhiteElo "1795"]
[BlackElo "1813"]
[Opening "Réti opening"]
[ECO "A05"]
[Time "16:31:51"]
[TimeControl "2700+45"]

1. Nf3 Nf6 2. g3 d5 3. d4 Bf5 4. Bg2 Nbd7 5. O-O e6 6. c4 Bd6 7. Nc3 c6 8. Nd2
O-O 9. e4 dxe4 10. Ndxe4 Bc7 11. Be3 h6 12. Qb3 Ng4 13. Rad1 Nxe3 14. fxe3 Bg4
15. Rd2 Rb8 16. Qa3 Ne5 17. b3 Ba5 18. Qc1 Nd7 19. Nf2 Bh5 20. Nh3 Bg6 21. Nf4
Bh7 22. Rdf2 Qe7 23. Nfe2 Bb4 24. Nb1 e5 25. a3 Bd6 26. d5 cxd5 27. Bxd5 Bg6 28.
e4 Bc5 29. b4 Bxf2+ 30. Rxf2 Nf6 31. Nbc3 Nxd5 32. exd5 b6 33. Na4 Qd7 34. Nec3
Qg4 35. c5 bxc5 36. bxc5 Qc4 37. Qe3 Qd4 38. Re2 Qxe3+ 39. Rxe3 Bc2 40. c6 f6
41. Nc5 Rfc8 42. Nb7 Kf8 43. Nb5 a6 44. N5d6 Rc7 45. Kf2 Ba4 46. Rc3 Ke7 47. Ke3
g6 48. Ne4 Rcxb7 49. cxb7 Rxb7 50. Nc5 Rb5 51. Nxa4 Rxd5 52. Nb2 Rb5 53. Nd3 Rb1
54. h4 Rg1 55. Kf2 Rd1 56. Nc5 Rd6 57. Rb3 Rc6 58. Nd3 Ke6 59. Ke3 Kf5 60. Nf2
h5 61. Kf3 Rc4 62. Re3 a5 63. Ne4 Ke6 64. Rc3 Rd4 65. Nc5+ Kf5 66. Nb7 a4 67.
Nc5 e4+ 68. Ke3 Ke5 69. Na6 Rd6 70. Nc7 f5 71. Rc5+ Kf6 72. Ne8+ {Black resigns}
1-0

[Event "Team 45 45 League T54"]
[Site "Internet Chess Club"]
[Date "2012.09.16"]
[Round "5"]
[White "BraafPaard"]
[Black "timothysmall56"]
[Result "0-1"]
[WhiteElo "1519"]
[BlackElo "1720"]
[Opening "Queen's pawn game"]
[ECO "A46"]
[Time "19:02:22"]
[TimeControl "2700+45"]

1. d4 Nf6 2. Nf3 e6 3. Bf4 b6 4. e3 Be7 5. h3 O-O 6. Be2 Bb7 7. O-O d5 8. c4
Nbd7 9. Nc3 Rc8 10. Rc1 a6 11. a3 Re8 12. cxd5 exd5 13. Qb3 c6 14. Ne5 Nxe5 15.
Bxe5 b5 16. Na4 Qa5 17. Nc5 Bxc5 18. Bxf6 Bd6 19. Bh4 Rc7 20. Qc2 f6 21. Bh5 Re4
22. Bg3 Bxg3 23. fxg3 Rxe3 24. Qf5 Qd2 25. Rcd1 Qxb2 26. Qf4 Ree7 27. Rde1 Qxa3
28. Rxe7 Qxe7 {White resigns} 0-1

[Event "Team 45 45 League T54"]
[Site "Internet Chess Club"]
[Date "2012.09.16"]
[Round "5"]
[White "H2-0"]
[Black "MII231487"]
[Result "1-0"]
[WhiteElo "1839"]
[BlackElo "1924"]
[Opening "Caro-Kann: two knights, 3...Bg4"]
[ECO "B11"]
[Time "12:03:41"]
[TimeControl "2700+45"]

1. e4 c6 2. Nc3 d5 3. Nf3 Bg4 4. exd5 cxd5 5. Bb5+ Nc6 6. d4 Nf6 7. Be3 e6 8. a3
Bd6 9. Qd2 O-O 10. Bxc6 bxc6 11. Ne5 Bxe5 12. dxe5 Nd7 13. f4 a5 14. Qf2 a4 15.
O-O Qa5 16. Bd2 Qa6 17. b3 axb3 18. cxb3 Rfb8 19. b4 Qc4 20. Rfc1 Qb3 21. Rcb1
Qc2 22. Rc1 Qd3 23. Qe3 Bf5 24. Ne2 Nb6 25. Rc3 Qxe3+ 26. Bxe3 Nc4 27. Bc5 Rc8
28. a4 f6 29. exf6 gxf6 30. Nd4 Kf7 31. Nxf5 exf5 32. a5 Re8 33. Kf2 Re4 34. g3
Rae8 35. Ra2 Re1 36. a6 Rh1 37. Kg2 Rd1 38. a7 Rd2+ 39. Rxd2 Nxd2 40. Ra3 Ra8
41. Ra6 Nb3 42. Rxc6 Nxc5 43. Rc7+ Ke6 44. bxc5 h5 45. Kf2 d4 46. Ke2 Kd5 47.
Kd3 Re8 48. Re7 Ra8 49. c6 Kxc6 50. Kxd4 Kb6 51. Kd5 Rf8 52. Ke6 Kc6 53. Rf7 Rd8
54. Kxf6 Kb6 55. Kxf5 Rd5+ 56. Kg6 Ra5 57. f5 h4 58. gxh4 Kc6 59. h5 Kd6 60. h6
{Black resigns} 1-0

[Event "Team 45 45 League T54"]
[Site "Internet Chess Club"]
[Date "2012.09.17"]
[Round "5"]
[White "flyingpawns"]
[Black "kllrchris"]
[Result "1-0"]
[WhiteElo "1793"]
[BlackElo "1663"]
[Opening "King's Indian: Gligoric-Taimanov system"]
[ECO "E92"]
[Time "21:26:56"]
[TimeControl "2700+45"]

1. d4 Nf6 2. c4 g6 3. Nc3 Bg7 4. e4 d6 5. Nf3 O-O 6. Be2 e5 7. Be3 exd4 8. Nxd4
Re8 9. Bf3 Nbd7 10. O-O Ne5 11. Be2 c6 12. Rc1 a6 13. a4 c5 14. Nf3 Nc6 15. Qc2
Bg4 16. h3 Bxf3 17. Bxf3 Nd7 18. Rcd1 Nd4 19. Bxd4 cxd4 20. Ne2 Qb6 21. Qd2 d3
22. Qxd3 Ne5 23. Qc2 f5 24. exf5 Qxb2 25. Bd5+ {Black resigns} 1-0

[Event "Team 45 45 League T54"]
[Site "Internet Chess Club"]
[Date "2012.09.14"]
[Round "5"]
[White "drsigmund1"]
[Black "TwoEqualsOne"]
[Result "0-1"]
[WhiteElo "1574"]
[BlackElo "1828"]
[Opening "Queen's pawn: London system"]
[ECO "A45"]
[Time "21:01:19"]
[TimeControl "2700+45"]

1. d4 Nf6 2. Bf4 g6 3. e3 Bg7 4. Nf3 d5 5. Bd3 O-O 6. h3 Nc6 7. Nbd2 Re8 8. O-O
Nd7 9. c4 dxc4 10. Nxc4 e6 11. a3 e5 12. Ncxe5 Ndxe5 13. Be2 Nxf3+ 14. Bxf3 Bd7
15. Qb3 Rb8 16. Rac1 Qc8 17. d5 Ne5 18. Be2 Qd8 19. Rfd1 Bf8 20. Bc4 Nxc4 21.
Rxc4 Bd6 22. Bh6 Qf6 23. f4 Qh4 24. Bg5 Qg3 25. Rc3 Bxh3 26. Qc2 Bd7 27. e4 Qg4
28. e5 Bxe5 29. fxe5 Qxg5 30. Rxc7 Bg4 31. Re1 Rxe5 32. Rxe5 Qxe5 33. Qc4 Qe1+
34. Kh2 Qh4+ 35. Kg1 Re8 36. Rxf7 Kxf7 37. d6+ Kg7 38. Qd4+ Kh6 39. Qf4+ Qg5 40.
Qh2+ Kg7 41. Qg3 Qe3+ 42. Kh2 Qxg3+ 43. Kxg3 Bd7 {White resigns} 0-1

[Event "Team 45 45 League T54"]
[Site "Internet Chess Club"]
[Date "2012.09.15"]
[Round "5"]
[White "WillC"]
[Black "carokantor"]
[Result "1/2-1/2"]
[WhiteElo "1723"]
[BlackElo "2061"]
[Opening "English, Kramnik-Shirov counterattack"]
[ECO "A21"]
[Time "15:17:37"]
[TimeControl "2700+45"]

1. c4 e5 2. Nc3 Bb4 3. Qc2 Nf6 4. d3 Nc6 5. Bd2 O-O 6. Nf3 Bc5 7. Bg5 h5 8. g3
Nd4 9. Nxd4 exd4 10. Ne4 Bb4+ 11. Nd2 d5 12. a3 Bxd2+ 13. Qxd2 dxc4 14. dxc4 Ne4
15. Bxd8 Nxd2 16. Kxd2 Rxd8 17. c5 Be6 18. Bg2 Bd5 19. Bxd5 Rxd5 20. Rac1 Rad8
21. Kd3 f6 22. h4 Kf7 23. b4 Rf5 24. Rhf1 g5 25. hxg5 fxg5 26. Rc4 Rfd5 27. Rd1
c6 28. Ke4 Re8+ 29. Kd3 Kf6 30. Rh1 Kg6 31. Rd1 Rf8 32. Rf1 Re8 33. Re1 g4 34.
Rxd4 Rxd4+ 35. Kxd4 Rf8 36. Rf1 Rd8+ 37. Kc4 Rd5 38. e4 Rd2 39. Kc3 Ra2 40. a4
Re2 41. Kd3 Rb2 42. Kc3 Re2 43. Kd3 Rb2 44. Kc3 Re2 45. Kd3 {Game drawn by
repetition} 1/2-1/2

[Event "Team 45 45 League T54"]
[Site "Internet Chess Club"]
[Date "2012.09.18"]
[Round "5"]
[White "Packerfan"]
[Black "cityprosecutor"]
[Result "1-0"]
[WhiteElo "1848"]
[BlackElo "1781"]
[Opening "Pirc: Austrian attack, dragon formation"]
[ECO "B09"]
[Time "09:00:42"]
[TimeControl "2700+45"]

1. e4 d6 2. d4 Nf6 3. Nc3 g6 4. f4 Bg7 5. Nf3 c5 6. dxc5 Qa5 7. Bb5+ Bd7 8.
Bxd7+ Nbxd7 9. O-O Qxc5+ 10. Kh1 b5 11. a3 O-O 12. Qd3 a6 13. Rb1 Rac8 14. Be3
Qc7 15. Rfc1 Nc5 16. Bxc5 Qxc5 17. Nd5 Ng4 18. Rf1 Rfe8 19. Nb4 Nf2+ 20. Rxf2
Qxf2 21. c3 a5 22. Nd5 e6 23. Ne3 Bh6 24. Ng4 Qc5 25. Nxh6+ Kg7 26. Ng4 b4 27.
axb4 axb4 28. cxb4 Qxb4 29. Ne3 Rc7 30. Qd4+ Qxd4 31. Nxd4 Rec8 32. Kg1 Rc1+ 33.
Rxc1 Rxc1+ 34. Kf2 Rb1 35. b3 e5 36. fxe5 dxe5 37. Nc6 f6 38. b4 Rc1 39. b5 Rb1
{Black resigns} 1-0

[Event "Team 45 45 League T54"]
[Site "Internet Chess Club"]
[Date "2012.09.19"]
[Round "5"]
[White "koni"]
[Black "minke"]
[Result "1-0"]
[WhiteElo "1971"]
[BlackElo "1908"]
[Opening "Pirc: classical (two knights) system"]
[ECO "B08"]
[Time "01:02:44"]
[TimeControl "2700+45"]

1. e4 d6 2. d4 Nf6 3. Nc3 g6 4. Nf3 Bg7 5. Be3 Bg4 6. h3 Bxf3 7. Qxf3 Nc6 8.
O-O-O e5 9. dxe5 Nxe5 10. Qe2 Nc6 11. g4 Qe7 12. Bg2 O-O-O 13. Kb1 Rhe8 14. h4
h5 15. gxh5 Nxh5 16. Nd5 Qe5 17. c3 Kb8 18. f4 Qe6 19. f5 Qe5 20. Rhf1 Ng3 21.
Qd3 Nxe4 22. fxg6 fxg6 23. Rf7 Nc5 24. Qxg6 Ne7 25. Nxe7 Rxe7 26. Rxe7 Qxe7 27.
Bg5 Qe2 28. Rd2 Qe1+ 29. Kc2 Be5 30. Bxd8 Bf4 31. Bxc7+ Kxc7 32. Qf7+ {Black
resigns} 1-0

[Event "Team 45 45 League T54"]
[Site "Internet Chess Club"]
[Date "2012.09.14"]
[Round "5"]
[White "Tamarin"]
[Black "kabindra"]
[Result "1-0"]
[WhiteElo "1834"]
[BlackElo "1843"]
[Opening "Trompowsky attack (Ruth, Opocenský opening)"]
[ECO "A45"]
[Time "18:55:05"]
[TimeControl "2700+45"]

1. d4 Nf6 2. Bg5 Ne4 3. Bf4 d5 4. e3 e6 5. c4 Bb4+ 6. Ke2 b6 7. Qa4+ Nc6 8.
Qxc6+ Bd7 9. Qxc7 Qe7 10. Qe5 f6 11. Qh5+ g6 12. Qh4 dxc4 13. f3 c3 14. Nxc3
Bxc3 15. bxc3 Bb5+ 16. Ke1 Nxc3 17. Bxb5+ Nxb5 18. Ne2 O-O 19. Qh3 e5 20. dxe5
fxe5 21. Bg3 Qd6 22. Kf2 Qf6 23. Qh4 g5 24. Qc4+ Rf7 25. Qxb5 e4 26. Qd5 Re8 27.
Nd4 exf3 28. gxf3 Rd8 29. Qe6 Qg7 30. Rac1 g4 31. Rc8 Rf8 32. Rxf8+ Kxf8 33.
Qc8+ Ke7 34. Bh4+ Kd6 35. Qc6+ {Black resigns} 1-0

[Event "Team 45 45 League T54"]
[Site "Internet Chess Club"]
[Date "2012.09.16"]
[Round "5"]
[White "subterfuge"]
[Black "badmove"]
[Result "1/2-1/2"]
[WhiteElo "1760"]
[BlackElo "1774"]
[Opening "QGD: classical variation (5.Bf4)"]
[ECO "D37"]
[Time "17:39:36"]
[TimeControl "2700+45"]

1. d4 Nf6 2. c4 e6 3. Nc3 d5 4. Nf3 Be7 5. Bf4 O-O 6. e3 c5 7. dxc5 Bxc5 8. Be2
Nc6 9. cxd5 exd5 10. O-O Nh5 11. Qxd5 Nxf4 12. Qxc5 Nxe2+ 13. Nxe2 Bg4 14. Ned4
Qf6 15. Nxc6 bxc6 16. Qg5 Qxg5 17. Nxg5 Rfd8 18. Ne4 Rd3 19. Rac1 Bf5 20. Ng3
Be6 21. a3 Rd2 22. b4 Rd3 23. a4 Rb3 24. Rxc6 Rxb4 25. a5 Rb5 26. Ra1 Rab8 27.
Ne2 Bd7 28. Rc7 Be6 29. Nd4 Rb1+ 30. Rc1 Rxa1 31. Rxa1 Bc4 32. h3 a6 33. g4 g6
34. Kg2 Kg7 35. Kg3 Kf6 36. Rc1 Rb4 37. e4 Kg7 38. Nc6 Ra4 39. Ne5 Bb5 40. f3
Rxa5 41. h4 {Game drawn by mutual agreement} 1/2-1/2

[Event "Team 45 45 League T54"]
[Site "Internet Chess Club"]
[Date "2012.09.16"]
[Round "5"]
[White "Schack"]
[Black "cys456"]
[Result "0-1"]
[WhiteElo "1703"]
[BlackElo "1825"]
[Opening "Sicilian: Labourdonnais-Löwenthal (Kalashnikov) variation"]
[ECO "B32"]
[Time "18:31:29"]
[TimeControl "2700+45"]

1. e4 c5 2. Nf3 Nc6 3. d4 cxd4 4. Nxd4 e5 5. Nb5 d6 6. c4 Be7 7. N1c3 a6 8. Na3
Be6 9. Nd5 Rc8 10. Be3 Bg5 11. Bb6 Qd7 12. Bd3 Bd8 13. Bxd8 Qxd8 14. O-O Nge7
15. Nc2 O-O 16. f4 exf4 17. Nxf4 Ne5 18. Nxe6 fxe6 19. Nd4 Qb6 20. c5 Qxc5 21.
Rxf8+ Rxf8 22. Be2 N7c6 {White resigns} 0-1

[Event "Team 45 45 League T54"]
[Site "Internet Chess Club"]
[Date "2012.09.14"]
[Round "5"]
[White "rook9999"]
[Black "Pason"]
[Result "1-0"]
[WhiteElo "1917"]
[BlackElo "2046"]
[Opening "French: exchange variation"]
[ECO "C01"]
[Time "12:30:42"]
[TimeControl "2700+45"]

1. e4 e6 2. d4 d5 3. exd5 exd5 4. Bd3 Nc6 5. Ne2 Bg4 6. O-O Qd7 7. Re1 O-O-O 8.
h3 Bh5 9. Be3 Nb4 10. Nbc3 Nxd3 11. Qxd3 f6 12. Nf4 Bf7 13. Qd2 g5 14. Nd3 h5
15. b4 h4 16. a4 g4 17. hxg4 Qxg4 18. f3 Qf5 19. Bf4 Bh6 20. Bxh6 Rxh6 21. Qf4
Qd7 22. Nc5 Qd6 23. Qf5+ Kb8 24. Nb5 Qc6 25. Qf4 Rc8 26. Re2 b6 27. Na6+ Kb7 28.
Naxc7 Rxc7 29. Nd6+ Ka8 30. Rae1 Bg6 31. Re8+ Bxe8 32. Rxe8+ Qxe8 33. Nxe8 Re7
34. Nd6 Re2 35. Qg4 Ne7 36. Qd7 {Black resigns} 1-0

[Event "Team 45 45 League T54"]
[Site "Internet Chess Club"]
[Date "2012.09.16"]
[Round "5"]
[White "mitus"]
[Black "zigzag2002"]
[Result "0-1"]
[WhiteElo "1770"]
[BlackElo "1947"]
[Opening "Sicilian: Nimzovich-Rossolimo attack (without ...d6)"]
[ECO "B30"]
[Time "17:08:02"]
[TimeControl "2700+45"]

1. e4 c5 2. Nf3 Nc6 3. Bb5 e6 4. O-O Nge7 5. c3 a6 6. Ba4 b5 7. Bc2 d5 8. d4
cxd4 9. Nxd4 Nxd4 10. Qxd4 Nc6 11. Qd3 d4 12. cxd4 Nxd4 13. Rd1 Bc5 14. Be3 e5
15. Nc3 Be6 16. Nxb5 axb5 17. Bxd4 Bxd4 18. Qxb5+ Bd7 19. Qb7 Rb8 20. Qd5 Rxb2
21. Bb3 O-O 22. Kh1 Rxf2 {White resigns} 0-1

[Event "Team 45 45 League T54"]
[Site "Internet Chess Club"]
[Date "2012.09.15"]
[Round "5"]
[White "Nikhil03"]
[Black "hcube"]
[Result "0-1"]
[WhiteElo "1659"]
[BlackElo "1730"]
[Opening "Sicilian: Grand Prix attack"]
[ECO "B23"]
[Time "19:00:40"]
[TimeControl "2700+45"]

1. e4 c5 2. Nc3 Nc6 3. f4 g6 4. Nf3 Bg7 5. Bc4 d6 6. O-O e6 7. d3 Nge7 8. Qe1 a6
9. a4 b6 10. Bd2 Bb7 11. Qh4 O-O 12. Ng5 h6 13. Nf3 d5 14. exd5 Nxd5 15. Qh3 Nd4
16. Nxd4 cxd4 17. Ne4 Ne3 18. Rfc1 Nxc4 19. dxc4 Bxe4 20. Rab1 Rc8 21. b3 d3 22.
c3 Qd6 23. Qe3 Qc5 24. Qxc5 Rxc5 25. Rb2 Rfc8 26. Be3 R5c6 27. Kf2 Kf8 28. Rd2
Ke7 29. g3 h5 30. Bd4 Bh6 31. Re1 f5 32. Rxe4 fxe4 33. Ke3 g5 34. Kxe4 gxf4 35.
gxf4 Rf8 36. Be5 Rd8 37. Rxd3 Rxd3 38. Kxd3 Rc8 39. Ke4 Kd7 40. Bf6 Rf8 41. Ke5
Bxf4+ 42. Kxf4 Rxf6+ 43. Kg5 Rf3 44. Kxh5 Rh3+ 45. Kg5 Rxh2 46. Kf4 Rc2 {White
resigns} 0-1

[Event "Team 45 45 League T54"]
[Site "Internet Chess Club"]
[Date "2012.09.15"]
[Round "5"]
[White "fireball"]
[Black "juniorVishy"]
[Result "0-1"]
[WhiteElo "1673"]
[BlackElo "1828"]
[Opening "Sicilian: Smith-Morra gambit"]
[ECO "B21"]
[Time "16:06:20"]
[TimeControl "2700+45"]

1. e4 c5 2. d4 cxd4 3. c3 d5 4. e5 dxc3 5. Nxc3 e6 6. Nf3 Nc6 7. Bb5 Bd7 8. Bxc6
Bxc6 9. Nd4 Ne7 10. Bg5 h6 11. Qh5 Qb6 12. Bxe7 Bxe7 13. Nxc6 bxc6 14. O-O Qxb2
15. Rfc1 Bg5 16. Rab1 Bxc1 17. Rxb2 Bxb2 18. Na4 Bd4 19. g3 O-O 20. Kg2 Rab8 21.
Qe2 Rb4 22. Qc2 Rc4 23. Qb3 Bxe5 24. Nc5 Rxc5 25. Qb7 Rb8 26. Qxa7 Rc2 27. Qe3
Bd6 28. a4 Rbb2 29. Qd3 Rxf2+ 30. Kh3 Rxh2+ 31. Kg4 f5+ 32. Kf3 Rhf2+ {White
resigns} 0-1

[Event "Team 45 45 League T54"]
[Site "Internet Chess Club"]
[Date "2012.09.14"]
[Round "5"]
[White "JustinL"]
[Black "Greedy-Reedy"]
[Result "1-0"]
[WhiteElo "1825"]
[BlackElo "1963"]
[Opening "Benkö gambit: main line"]
[ECO "E60"]
[Time "14:00:50"]
[TimeControl "2700+45"]

1. d4 Nf6 2. Nf3 g6 3. c4 c5 4. d5 b5 5. cxb5 a6 6. bxa6 Bxa6 7. Nc3 d6 8. e4
Bxf1 9. Kxf1 Bg7 10. g3 O-O 11. Kg2 Nbd7 12. Qc2 Qa5 13. Bd2 Rfb8 14. a3 Ng4 15.
h3 Nge5 16. Nxe5 Nxe5 17. Nd1 Qb5 18. Bc3 Rb7 19. a4 Qd3 20. Ne3 Qxc2 21. Nxc2
Nc4 22. Bxg7 Kxg7 23. Rhb1 Nd2 24. Rd1 Nxe4 25. Ra2 Rab8 26. a5 Rxb2 27. Rxb2
Rxb2 28. a6 Rb8 29. Ra1 Nc3 30. Ne3 Ra8 31. Ra3 Nb5 32. Ra5 Na7 33. Nc4 Rb8 34.
Ra2 Rb4 35. Na5 Rb6 36. Nc6 Nb5 37. a7 Nxa7 38. Rxa7 Kf6 39. Nxe7 Ke5 40. f4+
Kd4 41. f5 c4 42. f6 c3 43. Rc7 Rb2+ 44. Kf3 Rh2 45. h4 c2 46. Nc6+ Kxd5 47.
Nb4+ Ke6 48. Nxc2 Kxf6 49. Ne3 h5 50. Nd5+ Ke6 51. Nf4+ Kf6 52. Ke4 Rd2 53. Nd5+
Kg7 54. Rd7 Re2+ 55. Kf3 Re6 56. Re7 Rxe7 57. Nxe7 Kf6 58. Nd5+ Ke5 59. Ne3 f6
60. Nc4+ Kd5 61. Nb6+ Ke5 62. Nd7+ Kf5 63. Nb6 g5 64. Nd5 Ke5 65. Nc3 d5 66. Nd1
Kd4 67. Ne3 Ke5 68. Nc2 Kf5 69. Nd4+ Ke5 70. Ke3 gxh4 71. gxh4 f5 72. Nf3+ Kd6
73. Kf4 Kc5 74. Kxf5 d4 75. Kg5 d3 76. Kxh5 Kd5 77. Kg4 Ke6 78. Kf4 Kf6 79. Ke3
Kf5 80. Kxd3 Kg4 81. Ke4 Kh5 82. Kf5 Kh6 83. Ne5 Kh5 84. Ng6 Kh6 85. Kf6 Kh7 86.
Kg5 Kg7 87. h5 Kh7 88. h6 Kg8 89. Ne7+ Kh7 90. Nd5 Kg8 91. Kg6 Kh8 92. Ne3 Kg8
93. Ng4 Kh8 94. Ne5 Kg8 95. Nf7 {Black resigns} 1-0

[Event "Team 45 45 League T54"]
[Site "Internet Chess Club"]
[Date "2012.09.14"]
[Round "5"]
[White "zap2"]
[Black "bayoumicardio10"]
[Result "1-0"]
[WhiteElo "1755"]
[BlackElo "1616"]
[Opening "Réti: King's Indian attack"]
[ECO "A05"]
[Time "15:48:18"]
[TimeControl "2700+45"]

1. Nf3 Nf6 2. g3 g6 3. Bg2 Bg7 4. O-O O-O 5. d3 d6 6. Nbd2 c5 7. e4 Nc6 8. c3
Bd7 9. h3 Rc8 10. a4 b6 11. Qe2 Qc7 12. Ne1 e5 13. Nc2 Be6 14. Ne3 Qd7 15. Kh2
d5 16. f4 d4 17. f5 dxe3 18. fxe6 Qxe6 19. Nc4 Rcd8 20. Bxe3 Rd7 21. Bg5 h6 22.
Bxf6 Bxf6 23. h4 Qe7 24. Bh3 Rb7 25. Ne3 Qd8 26. Nd5 Bg7 27. Rf2 Ne7 28. Ne3 a6
29. Qc2 Qd6 30. Nc4 Qc7 31. Ne3 Qd6 32. Qe2 Qd8 33. Raf1 Qe8 34. Qc2 b5 35. axb5
axb5 36. Ng4 f5 37. exf5 Rxf5 38. Qb3+ Qf7 39. Qxf7+ Kxf7 40. Ne3 Rxf2+ 41.
Rxf2+ Kg8 42. Be6+ Kh7 43. Rf7 b4 44. cxb4 Rc7 45. bxc5 g5 46. Nf5 Nxf5 47.
Bxf5+ Kg8 48. Rxc7 {Black resigns} 1-0

[Event "Team 45 45 League T54"]
[Site "Internet Chess Club"]
[Date "2012.09.22"]
[Round "5"]
[White "b-spot"]
[Black "beitmery"]
[Result "0-1"]
[WhiteElo "1595"]
[BlackElo "1758"]
[Opening "French: classical, Steinitz variation"]
[ECO "C14"]
[Time "09:35:06"]
[TimeControl "2700+45"]

1. e4 e6 2. d4 d5 3. Nc3 Nf6 4. Bg5 Be7 5. e5 Nfd7 6. Bxe7 Qxe7 7. f4 a6 8. Nf3
c5 9. dxc5 Nxc5 10. Bd3 Nxd3+ 11. Qxd3 Nc6 12. O-O Bd7 13. Kh1 Qb4 14. f5 O-O
15. f6 gxf6 16. exf6 Qf4 17. Nd4 Qg5 18. Nxc6 Bxc6 19. Rf3 Kh8 20. Raf1 Rg8 21.
Rg3 Qe5 22. Rh3 Rg6 23. Ne2 Bb5 {White resigns} 0-1

[Event "Team 45 45 League T54"]
[Site "Internet Chess Club"]
[Date "2012.09.17"]
[Round "5"]
[White "jantonio"]
[Black "Hal2001"]
[Result "0-1"]
[WhiteElo "1516"]
[BlackElo "1624"]
[Opening "Réti opening"]
[ECO "A04"]
[Time "20:07:27"]
[TimeControl "2700+45"]

1. Nf3 g6 2. g3 Bg7 3. Bg2 c5 4. O-O Nc6 5. e4 d6 6. c3 Nh6 7. d4 cxd4 8. Nxd4
e5 9. Nb5 Ke7 10. b3 f5 11. Bg5+ Bf6 12. Bxh6 g5 13. Qh5 Bd7 14. Rd1 Be8 15. Qf3
fxe4 16. Qxe4 Bg6 17. Qd5 Bf7 18. Qxd6+ Qxd6 19. Nxd6 Rad8 20. Nf5+ Ke6 21. Ne3
Rxd1+ 22. Nxd1 Kf5 23. Ne3+ Kg6 24. Nd2 Kxh6 25. Ng4+ Kg6 26. Be4+ Kg7 27. Nxf6
Kxf6 28. Re1 h5 29. Nf1 Rd8 30. Re2 Bd5 31. Bxd5 Rxd5 32. Ne3 Rd3 33. Rc2 e4 34.
Kf1 Ne5 35. Kg2 Nf3 36. Kh1 g4 37. c4 Ke5 38. Kg2 Ne1+ {White resigns} 0-1

[Event "Team 45 45 League T54"]
[Site "Internet Chess Club"]
[Date "2012.09.16"]
[Round "5"]
[White "alexping"]
[Black "Sir-Sinister"]
[Result "0-1"]
[WhiteElo "1893"]
[BlackElo "2017"]
[Opening "Queen's pawn game, Chigorin variation"]
[ECO "A40"]
[Time "11:02:37"]
[TimeControl "2700+45"]

1. d4 Nc6 2. Nf3 d5 3. c4 Bg4 4. cxd5 Bxf3 5. gxf3 Qxd5 6. e3 e5 7. dxe5 Bb4+ 8.
Bd2 O-O-O 9. Nc3 Qxe5 10. Qb3 Nd4 11. Qd1 Ne7 12. Be2 Nxe2 13. Qxe2 Rd6 14.
O-O-O Nc6 15. a3 Ba5 16. Ne4 Bxd2+ 17. Rxd2 Rxd2 18. Qxd2 Qf5 19. Qc2 Qxf3 20.
Rg1 g6 21. Ng5 Qd5 22. Kb1 h6 23. Qc3 Qe5 24. Nxf7 Qxc3 25. bxc3 Rh7 26. Rxg6
Rxf7 27. f4 Re7 28. Rg3 Nd8 29. Kc2 Kd7 30. Kd3 Ne6 31. Rg6 Nc5+ 32. Ke2 Ne4 33.
c4 h5 34. Rh6 Nd6 35. Kd3 Rxe3+ 36. Kxe3 Nf5+ 37. Ke4 Nxh6 38. h3 Ke6 {White
resigns} 0-1

[Event "Team 45 45 League T54"]
[Site "Internet Chess Club"]
[Date "2012.09.16"]
[Round "5"]
[White "MeoPatacca"]
[Black "bshribharath"]
[Result "1-0"]
[WhiteElo "1863"]
[BlackElo "1883"]
[Opening "Queen's pawn: London system"]
[ECO "A45"]
[Time "11:55:43"]
[TimeControl "2700+45"]

1. d4 Nf6 2. Bf4 g6 3. e3 Bg7 4. Nf3 O-O 5. Be2 d5 6. Nbd2 c5 7. c3 Nbd7 8. Ne5
Ne4 9. Nxe4 dxe4 10. Nxd7 Bxd7 11. Qb3 cxd4 12. exd4 e5 13. dxe5 Bc6 14. e6 e3
15. O-O Qd2 16. Bc4 Qxf2+ 17. Rxf2 exf2+ 18. Kh1 fxe6 19. Bxe6+ Kh8 20. Qc4 Rae8
21. Rf1 Rf6 22. Rxf2 Rexe6 23. h3 Re1+ 24. Kh2 Re4 25. Qf1 Rfxf4 26. Rxf4 Be5
27. g3 Bxf4 28. gxf4 a6 29. b3 Kg7 30. c4 Bd7 31. Qd3 Bf5 32. Qc3+ Kf7 33. Qd2
Re7 34. Kg3 Rd7 35. Qb4 Rd3+ 36. Kf2 Rd7 37. h4 h5 38. Qc3 Kg8 39. a3 Kf7 40. c5
Rc7 41. b4 Ke7 42. Qg7+ Kd8 43. Qf8+ Kd7 44. Ke3 Rc6 45. Kd4 Kc7 46. a4 Re6 47.
Kd5 Re4 48. b5 axb5 49. axb5 Re1 50. Qd6+ Kc8 51. Kc4 Re6 52. Qf8+ Kc7 53. Kd5
Kd7 54. Qf7+ Re7 55. c6+ bxc6+ 56. bxc6+ Kd8 57. Qf6 Ke8 58. Kd6 Rf7 59. Qe5+
Kd8 60. Qh8+ {Black resigns} 1-0

[Event "Team 45 45 League T54"]
[Site "Internet Chess Club"]
[Date "2012.09.14"]
[Round "5"]
[White "Beetlejuice"]
[Black "ChessChamp"]
[Result "0-1"]
[WhiteElo "1782"]
[BlackElo "1713"]
[Opening "English: symmetrical, Benoni formation"]
[ECO "A31"]
[Time "16:11:27"]
[TimeControl "2700+45"]

1. d4 Nf6 2. c4 c5 3. Nf3 cxd4 4. Nxd4 g6 5. Nc3 Bg7 6. e4 Nc6 7. f3 Nxe4 8.
Nxc6 Nxc3 9. Nxd8 Nxd1 10. Nxf7 Kxf7 11. Kxd1 d6 12. Bd3 Be6 13. Rb1 Rac8 14. b3
b5 15. cxb5 Rc3 16. Ke2 Rxd3 17. Be3 Rc3 18. Rhd1 Rhc8 19. Bxa7 Bf5 20. b6 Bxb1
21. b7 Bxa2 22. bxc8=Q Rxc8 23. b4 Bc4+ {White resigns} 0-1

[Event "Team 45 45 League T54"]
[Site "Internet Chess Club"]
[Date "2012.09.17"]
[Round "5"]
[White "Gilguli"]
[Black "rubo"]
[Result "0-1"]
[WhiteElo "1466"]
[BlackElo "1683"]
[Opening "Old Benoni defense"]
[ECO "A46"]
[Time "13:00:05"]
[TimeControl "2700+45"]

1. d4 Nf6 2. Nf3 c5 3. d5 g6 4. c4 b5 5. b3 d6 6. Nc3 Bg7 7. Rb1 Qa5 8. Qc2 Bf5
9. Qd2 Bxb1 10. Nxb1 Qxd2+ 11. Bxd2 bxc4 12. bxc4 Ne4 13. Ba5 O-O 14. e3 Nd7 15.
Bd3 Ndf6 16. O-O Rfb8 17. a4 Rb2 18. Nc3 Nxc3 19. Bxc3 Rb3 20. Rc1 Rab8 21. Nd2
Rxc3 22. Rxc3 Nxd5 23. Rb3 Rxb3 24. Nxb3 Nb4 25. Bb1 f5 26. Kf1 Bc3 27. Ke2 Kf7
28. Kf3 e5 29. e4 f4 30. g3 fxg3 31. hxg3 Nc6 32. Kg4 Kf6 33. f4 h5+ 34. Kf3 g5
35. f5 Be1 36. Bd3 g4+ 37. Kg2 Nd4 38. Nxd4 cxd4 39. Bc2 Bd2 40. Bd3 Ke7 41. Kf2
a5 42. Ke2 Bg5 43. Kf2 Kd7 44. c5 dxc5 45. Bb5+ Ke7 46. Be2 Be3+ 47. Kg2 Kf6 48.
Bb5 Kg5 49. Be2 Kh6 50. Bc4 Bg5 51. Be2 Bf6 52. Bd3 Kg5 53. Be2 Bd8 54. Bc4 h4
55. Be2 hxg3 56. Kxg3 Bf6 57. Bc4 Kh5 58. Be2 Bh4+ 59. Kg2 Kg5 60. f6 Kf4 61. f7
Be7 62. Bd3 Bf8 63. Bb1 c4 {White resigns} 0-1